 Dungeon Crawl Stone Soup version 0.24-a0-441-g27f0392e16 (console) character file.

Game seed: 16910071501281525763

268921 jeroenos the Peltast (level 19, -7/155 HPs)
             Began as a Demonspawn Fighter on June 17, 2019.
             Was a High Priest of Okawaru.
             Killed from afar by a deep elf annihilator (57 damage)
             ... with a crystal spear
             ... on level 3 of the Elven Halls on June 20, 2019.
             The game lasted 04:12:22 (58729 turns).

jeroenos the Peltast (Demonspawn Fighter)          Turns: 58729, Time: 04:12:23

Health: -7/155     AC: 53    Str: 22    XL:     19   Next: 39%
Magic:  0/29       EV: 10    Int:  7    God:    Okawaru [*****.]
Gold:   1143       SH: 22    Dex: 12    Spells: 17/18 levels left

rFire    . . .     SeeInvis +   z - +9 war axe (chop)
rCold    . . .     Gourm    .   c - +0 shield
rNeg     + + +     Faith    .   b - +10 plate armour of Piruysy {rF- rN+++ rCorr Int-4}
rPois    .         Spirit   +   (helmet unavailable)
rElec    .         Reflect  +   J - scarf {cloud immunity}
rCorr    +         Harm     .   p - +2 pair of gloves
MR       +....                  j - +1 pair of boots {run}
Stlth    ..........             I - +5 amulet of reflection
HPRegen  0.35/turn              D - +6 ring of protection
MPRegen  0.42/turn              K - ring of Shadows {Umbra +Inv Stlth+}

@: lethally poisoned (-7 -> -18), heroism, finesse, sanguine armour, wreathed by
umbra, quick
A: antennae 3, talons 1, clumsy 1, fire resistance 1, magic shield, magic
regeneration, magic link, subdued magic 1, MP-powered wands, sanguine armour 3
}: 2/15 runes: decaying, serpentine
a: Heroism, Finesse, Renounce Religion, Evoke Invisibility


You were on level 3 of the Elven Halls.
You worshipped Okawaru.
Okawaru was extremely pleased with you.
You were hungry.

You visited 9 branches of the dungeon, and saw 37 of its levels.
You also visited: Ice Cave.

You collected 3035 gold pieces.
You spent 1892 gold pieces at shops.

Inventory:

Hand Weapons
 a - a +4 battleaxe of electrocution
 z - a +9 war axe of chopping (weapon)
 M - a +1 war axe of flaming
 U - the +1 hand axe of Zotwosch {chop, rF- MR+ Int+4 Dex+3}
   (You found it on level 2 of the Elven Halls)

   It inflicts extra damage upon your enemies.
   It affects your intelligence (+4).
   It affects your dexterity (+3).
   It makes you vulnerable to fire.
   It affects your resistance to hostile enchantments.
 Z - a +1 scimitar of holy wrath
Missiles
 l - 8 curare-tipped darts
 m - 2 silver javelins (quivered)
Armour
 b - the +10 plate armour of Piruysy (worn) {rF- rN+++ rCorr Int-4}
   (You bought it in a shop on level 2 of the Orcish Mines)

   It affects your intelligence (-4).
   It makes you vulnerable to fire.
   It renders you almost immune to negative energy.
   It provides partial protection from all sources of acid and corrosion.
 c - a +0 shield (worn)
 j - a +1 pair of boots of running (worn)
 n - the +1 large shield of Xirud {rElec rPois MP-9 Dex+3}
   (You bought it in a shop on level 2 of the Orcish Mines)

   It affects your dexterity (+3).
   It insulates you from electricity.
   It protects you from poison.
   It affects your magic capacity (-9).
 p - a +2 pair of gloves (worn)
 r - a scarf of resistance
 u - a scarf of repulsion
 y - a +2 scale mail of positive energy
 J - a scarf of cloud immunity (worn)
 N - a +0 pair of boots of stealth
Jewellery
 k - an uncursed amulet of regeneration
 o - an uncursed ring of protection from fire
 s - an uncursed ring of protection from fire
 t - an uncursed ring of protection from magic
 C - an uncursed amulet of harm
 D - a +6 ring of protection (left hand)
 F - an uncursed ring of flight
 I - a +5 amulet of reflection (around neck)
 K - the ring of Shadows (right hand) {Umbra +Inv Stlth+}
   (You found it on level 14 of the Dungeon)

   [ring of stealth]

   It lets you turn invisible.
   It makes you more stealthy.
 P - a +5 ring of strength
 T - an uncursed ring of ice
 V - an uncursed ring of ice
Wands
 A - a wand of flame (51)
 B - a wand of digging (1)
 Q - a wand of disintegration (29)
 R - a wand of polymorph (7)
 W - a wand of paralysis (2)
Scrolls
 d - 5 scrolls of identify
 h - 22 scrolls of remove curse
 i - 5 scrolls of teleportation
 E - 4 scrolls of amnesia
 H - a scroll of summoning
 O - a scroll of silence
 S - a scroll of magic mapping
Potions
 e - a potion of magic
 q - a potion of flight
 v - a potion of might
 w - 5 potions of brilliance
 G - 3 potions of lignification
 L - 2 potions of agility
 X - a potion of heal wounds
Miscellaneous
 x - a sack of spiders
 Y - a lamp of fire
Comestibles
 f - 28 rations
 g - a chunk of flesh


   Skills:
 - Level 15.3(20.3) Fighting
 + Level 13.7(18.7) Axes
 - Level 14.7(19.7) Armour
 - Level 18.2(23.2) Shields
 * Level 14.2 Invocations
 - Level 7.1 Evocations


You had 17 spell levels left.
You knew the following spells:

 Your Spells              Type           Power        Failure   Level  Hunger
a - Animate Skeleton      Necr           N/A          96%         1    ##.....

Your spell library contained the following spells:

 Spells                   Type           Power        Failure   Level  Hunger
 Corona                   Hex            #......      96%         1    ##.....
 Freeze                   Ice            #...         96%         1    ##.....
 Magic Dart               Conj           #...         96%         1    ##.....
 Pain                     Necr           #...         96%         1    ##.....
 Summon Butterflies       Summ           #.......     96%         1    ##.....
 Ensorcelled Hibernation  Hex/Ice        #.....       99%         2    ###....
 Passwall                 Tmut/Erth      #.......     99%         2    ###....
 Swiftness                Chrm/Air       #.......     99%         2    ###....
 Throw Flame              Conj/Fire      #.....       99%         2    ###....
 Throw Frost              Conj/Ice       #.....       99%         2    ###....
 Call Canine Familiar     Summ           #.......     100%        3    ####...
 Confuse                  Hex            #.......     100%        3    ####...
 Dazzling Spray           Conj/Hex       #.....       100%        3    ####...
 Ozocubu's Armour         Chrm/Ice       #.......     100%        3    ####...
 Recall                   Summ/Tloc      N/A          100%        3    ####...
 Regeneration             Chrm/Necr      #.........   100%        3    ####...
 Stone Arrow              Conj/Erth      #.....       100%        3    ####...
 Tukima's Dance           Hex            #.......     100%        3    ####...
 Vampiric Draining        Necr           #.........   100%        3    ####...
 Airstrike                Air            #.........   100%        4    #####..
 Animate Dead             Necr           N/A          100%        4    #####..
 Ice Form                 Ice/Tmut       #.......     100%        4    #####..
 Passage of Golubria      Tloc           N/A          100%        4    #####..
 Petrify                  Tmut/Erth      #.......     100%        4    #####..
 Sticky Flame             Conj/Fire      #.......     100%        4    #####..
 Summon Ice Beast         Ice/Summ       #.......     100%        4    #####..
 Throw Icicle             Conj/Ice       #.......     100%        4    #####..
 Borgnjor's Vile Clutch   Necr/Erth      #.........   100%        5    ######.
 Iskenderun's Battlesphe  Conj/Chrm      #.......     100%        5    ######.
 Lee's Rapid Deconstruct  Erth           #.........   100%        5    ######.
 Summon Mana Viper        Hex/Summ       #.......     100%        5    ######.
 Darkness                 Hex            #.........   100%        6    #######
 Death Channel            Necr           #.........   100%        6    #######
 Invisibility             Hex            #.......     100%        6    #######
 Simulacrum               Ice/Necr       #.........   100%        6    #######
 Summon Hydra             Summ           #.........   100%        7    #######


Dungeon Overview and Level Annotations

Branches:
Dungeon (15/15)            Temple (1/1) D:7            Lair (6/6) D:8
  Swamp (4/4) Lair:3        Snake (4/4) Lair:3        Slime (1/5) Lair:5
    Orc (2/2) D:11            Elf (3/3) Orc:2        Vaults (0/5) D:14
 Depths (1/5) D:15

Altars:
Ashenzari
Cheibriados
Dithmenos
Elyvilon
Fedhas
Gozag
Hepliaklqana
Kikubaaqudgha
Makhleb
Nemelex Xobeh
Okawaru
Qazlal
Ru
Sif Muna
Trog
Uskayaw
Vehumet
Wu Jian
Xom
Yredelemnul
Zin
The Shining One
Beogh
Jiyva

Shops:
D:6 *   D:7 *   D:9 **[:   D:12 :   D:15 %   Orc:2 (*[=   Elf:1 !

Portals:
Abyss: Depths:1

Annotations:
D:3 3 runed translucent doors, alpinistek's ghost, weakling DsFE
Swamp:4 Mara
Snake:2 2 transporters, PeterQ's ghost, adept HuAs


Innate Abilities, Weirdness & Mutations

You have a pair of large antennae on your head. (SInv)
Your flesh is heat resistant. (rF+)
When hurt, damage is shared between your health and your magic reserves.
You regenerate magic rapidly.
When low on magic, you restore magic in place of health.
When seriously injured, your bleeding wounds create very thick armour. (AC +12)
You have sharp toenails.
You are clumsy. (Dex -2)
Your spells are a little easier to cast, but a little less powerful.
You expend magic power (3 MP) to strengthen your wands.


Message History

The earth elemental disappears in a puff of smoke! x2
The deep elf annihilator points at you and mumbles some strange words.
The crystal spear hits you!!!
You see here a +0 long sword.
The deep elf annihilator casts a spell at you.
The iron shot hits you but does no damage.
The deep elf annihilator gestures at you while chanting.
The poison arrow hits you but does no damage.
You are poisoned.
You miss the deep elf annihilator.
You feel sick.
The deep elf annihilator points at you and mumbles some strange words.
The crystal spear hits you.
You barely miss the deep elf annihilator.
You feel sick.
You hit the deep elf annihilator but do no damage.
You are feeling hungry.
You miss the deep elf annihilator.
You feel sick.
The deep elf annihilator casts a spell at you.
The crystal spear hits you!!!
You die...

#..# #.##
#.# #.# #.#
#)# #)###
###...# ###
#.@.).#
##..
###.e...###
##...
#.........#
#....
#.........#
#....
#.........#
#....
#......)..#
##'...
#......)..#
##.##..
###.....###
##.####+
#.....#
##.##


You could see a deep elf annihilator.

Vanquished Creatures
  A lich (Depths:1)
  4 thorn hunters
  Frances (Elf:1)
  Donald (Swamp:2)
  12 nagarajas
  Roxanne (Snake:3)
  2 deep elf sorcerers
  Aizul (Snake:2)
  A ghost moth (Lair:2)
  5 very ugly things
  2 deep elf elementalists
  The ghost of Nattfarinn the Earth Mage, a journeyman GrEE of Vehumet (D:14)
  A deep elf demonologist (Elf:2)
  A dire elephant (Lair:6)
  2 ettins
  2 fire dragons
  A deep elf high priest (Elf:3)
  2 rakshasas
  12 hydras
  5 ice dragons
  Harold (D:7)
  A vault guard (D:14)
  2 ogre magi
  2 shambling mangroves (Swamp:1)
  24 naga warriors
  4 ghost crabs
  13 alligators
  4 centaur warriors
  A satyr (D:13)
  6 anacondas
  12 two-headed ogres
  25 dancing weapons
  2 tengu warriors
  12 naga sharpshooters
  2 shock serpents
  16 deep elf knights
  5 skeletal warriors (D:14)
  4 sea snakes
  3 unseen horrors
  A salamander mystic (Snake:4)
  6 swamp dragons
  5 deep elf archers
  5 naga ritualists
  A glowing orange brain (Depths:1)
  3 orc knights
  5 mana vipers
  A wolf spider zombie (D:13)
  An oklob plant (Lair:4)
  3 salamanders
  59 deep elf magi
  16 ugly things
  3 orc sorcerers
  6 manticores
  3 cyclopes
  18 elephants
  24 black mambas
  3 centaur zombies
  12 naga magi
  8 guardian serpents
  18 spiny frogs
  A gargoyle (D:13)
  Joseph (D:8)
  2 kobold demonologists
  5 freezing wraiths
  A yaktaur (D:15)
  8 komodo dragons
  2 tengu conjurers (Depths:1)
  A troll (shapeshifter) (D:13)
  A jumping spider (shapeshifter) (D:14)
  A polar bear (Lair:5)
  4 trolls
  8 tyrant leeches
  6 bog bodies
  8 hornets
  26 blink frogs
  Prince Ribbit (D:8)
  11 slime creatures
  8 dream sheep
  15 hippogriffs
  2 spriggans (Swamp:3)
  4 shadows
  A redback (D:11)
  4 air elementals
  2 water elementals
  A wraith (D:15)
  32 yaks
  A fire elemental (Elf:2)
  2 wyverns
  6 basilisks
  A human (shapeshifter) (Depths:1)
  18 vampire mosquitoes
  2 hungry ghosts
  2 swamp worm simulacra (Swamp:4)
  14 swamp worms
  Menkaure (D:6)
  An acid dragon (D:14)
  A warg (shapeshifter) (D:15)
  17 insubstantial wisps
  Duvessa (D:7)
  57 nagas
  17 water moccasins
  8 porcupines
  13 hydra simulacra (Swamp:4)
  4 swamp drakes
  20 orc warriors
  4 ice beasts
  A hornet zombie (D:14)
  5 sky beasts
  A black bear (D:10)
  An eye of draining (D:13)
  4 phantoms
  15 ogres
  14 wolves
  8 crocodiles
  14 centaurs
  6 big kobolds
  12 bullfrogs
  Dowan (D:7)
  3 earth elementals
  A gnoll sergeant (D:6)
  3 wyvern skeletons
  6 scorpions
  14 killer bees
  11 wights
  2 howler monkeys (D:8)
  2 electric eels
  7 crimson imps
  2 bullfrog zombies (D:12)
  11 orc priests
  2 quasits
  9 centaur skeletons
  4 hounds
  10 jellies
  2 bullfrog skeletons
  3 gnoll shamans (D:6)
  An iguana (D:13)
  21 orc wizards
  3 hell rats
  10 worker ants
  A killer bee zombie (D:7)
  4 hound zombies
  40 gnolls (D:6)
  11 adders
  6 shadow imps
  3 oozes
  6 swamp drake simulacra (Swamp:4)
  3 adder skeletons
  5 worms
  2 dart slugs
  4 leopard geckos
  84 orcs
  A ball python (Lair:3)
  6 bats
  4 giant cockroaches
  12 goblins
  7 hobgoblins
  22 jackals
  20 kobolds
  6 quokkas
  5 frilled lizards
  A jackal skeleton (D:7)
  3 quokka skeletons
  A quokka zombie (D:6)
  7 rats
  6 fungi
  7 plants
1230 creatures vanquished.

Vanquished Creatures (collateral kills)
  A hydra (Swamp:1)
  2 yaks (D:9)
  A hell rat (Lair:2)
4 creatures vanquished.

Vanquished Creatures (others)
  A stone giant (Depths:1)
  A naga warrior (Snake:4)
  2 centaur warriors
  A dancing weapon (Elf:2)
  2 naga sharpshooters
  2 deep elf magi
  A salamander (Snake:1)
  2 orc knights (Orc:2)
  A naga mage (Snake:3)
  A black mamba (Snake:3)
  2 spiny frogs
  A spriggan (Swamp:3)
  A yak (D:9)
  Grum (D:8)
  2 swamp worms
  A porcupine (Lair:2)
  6 orc warriors (Orc:2)
  6 centaurs
  An orc wizard (D:13)
  2 hell rats (Lair:2)
  A wolf simulacrum (IceCv)
  8 orcs
  A briar patch (Swamp:2)
  18 fungi
  18 plants
83 creatures vanquished.

Grand Total: 1317 creatures vanquished

Notes
Turn   | Place    | Note
-------+----------+-------------------------------------------
     0 | D:1      | jeroenos the Demonspawn Fighter began the quest for the
                  | Orb.
     0 | D:1      | Reached XP level 1. HP: 18/18 MP: 1/1
   128 | D:1      | Gained mutation: When seriously injured, your bleeding
                  | wounds create armour. (AC +12) [demonic ancestry]
   128 | D:1      | Reached XP level 2. HP: 24/24 MP: 2/2
   214 | D:1      | Reached skill level 3 in Shields
   427 | D:1      | Gained mutation: Your flesh is heat resistant. (rF+)
                  | [demonic ancestry]
   427 | D:1      | Reached XP level 3. HP: 27/29 MP: 3/3
  1069 | D:2      | Gained mutation: When hurt, damage is shared between your
                  | health and your magic reserves. [demonic ancestry]
  1069 | D:2      | Reached XP level 4. HP: 35/35 MP: 4/4
  1228 | D:2      | Reached skill level 4 in Shields
  1235 | D:2      | Gained mutation: When seriously injured, your bleeding
                  | wounds create thick armour. (AC +12) [demonic ancestry]
  1235 | D:2      | Reached XP level 5. HP: 22/41 MP: 3/5
  1584 | D:3      | Noticed alpinistek's ghost (weakling DsFE)
  1586 | D:3      | Found a runed translucent gate.
  1586 | D:3      | Found a runed translucent gate.
  1586 | D:3      | Found a runed translucent gate.
  2029 | D:3      | Found an ancient bone altar of Kikubaaqudgha.
  2441 | D:4      | Reached skill level 5 in Shields
  2447 | D:4      | Reached XP level 6. HP: 30/47 MP: 2/6
  2529 | D:4      | Found a shattered altar of Ashenzari.
  2538 | D:4      | Found a shadowy altar of Dithmenos.
  2538 | D:4      | Found a basalt altar of Yredelemnul.
  2541 | D:4      | Found a glowing golden altar of the Shining One.
  2935 | D:4      | Reached skill level 6 in Shields
  2935 | D:4      | Reached XP level 7. HP: 42/52 MP: 7/7
  3073 | D:5      | Entered Level 5 of the Dungeon
  3470 | D:5      | Reached skill level 7 in Shields
  3758 | D:5      | Reached skill level 5 in Axes
  3758 | D:5      | Gained mutation: You have a pair of small antennae on your
                  | head. [demonic ancestry]
  3758 | D:5      | Reached XP level 8. HP: 30/58 MP: 4/8
  4162 | D:6      | Found Buzoclur's Lightly-Used Armoury.
  4199 | D:6      | Reached skill level 8 in Shields
  4382 | D:6      | Found a stormy altar of Qazlal.
  4654 | D:6      | Reached skill level 9 in Shields
  4766 | D:6      | Gained mutation: You regenerate magic rapidly. [demonic
                  | ancestry]
  4766 | D:6      | Reached XP level 9. HP: 41/63 MP: 5/9
  5224 | D:6      | Noticed Menkaure
  5240 | D:6      | Killed Menkaure
  5821 | D:7      | Reached skill level 10 in Shields
  5821 | D:7      | Reached skill level 1 in Evocations
  5868 | D:7      | Found a staircase to the Ecumenical Temple.
  5928 | D:7      | Found Yjomiaf's Assorted Antiques.
  5983 | D:7      | Noticed Harold
  6010 | D:7      | Killed Harold
  6038 | D:7      | Reached skill level 11 in Shields
  6089 | D:7      | Bought an amethyst potion for 27 gold pieces
  6227 | D:7      | Noticed Duvessa
  6228 | D:7      | Noticed Dowan
  6244 | D:7      | Killed Duvessa
  6244 | D:7      | Reached XP level 10. HP: 70/70 MP: 12/12
  6249 | D:7      | Killed Dowan
  6663 | D:8      | Noticed Joseph
  6966 | D:9      | Noticed a two-headed ogre
  7004 | D:9      | Killed a two-headed ogre
  7207 | D:9      | Found Uvo Yve's Assorted Antiques.
  7215 | D:9      | Bought a scroll labeled DIPEUV UNKAODGH for 20 gold pieces
  7215 | D:9      | Bought a scroll labeled SIOTWO NOUHIF for 20 gold pieces
  7442 | D:9      | Reached skill level 5 in Evocations
  7498 | D:9      | Found a blossoming altar of Fedhas.
  7511 | D:9      | Found Gaezeh's Book Shop.
  7567 | D:9      | Found a sparkling altar of Nemelex Xobeh.
  7714 | D:9      | Found Cyekk's Antique Armour Emporium.
  7717 | D:9      | Bought an embroidered cloak for 165 gold pieces
  7807 | D:9      | Found Cenis's Assorted Antiques.
  7821 | D:9      | Bought a scroll labeled XOKIQI KU ZACA for 38 gold pieces
  7995 | D:9      | Found Lyonelog's Gadget Emporium.
  8177 | D:10     | Entered Level 10 of the Dungeon
  8221 | D:10     | Reached skill level 12 in Shields
  8906 | D:10     | Upgraded the game from 0.24-a0-434-gd57e52fea8 to
                  | 0.24-a0-439-g6dd8730de2
  9142 | D:10     | Reached XP level 11. HP: 73/75 MP: 15/15
  9617 | D:11     | Reached skill level 13 in Shields
 10401 | D:8      | Killed Joseph
 10425 | D:8      | Noticed Grum
 10434 | D:8      | Noticed Prince Ribbit
 10459 | D:8      | Found a staircase to the Lair.
 10486 | D:8      | Your ally died
 10492 | D:8      | Killed Prince Ribbit
 10990 | Temple   | Entered the Ecumenical Temple
 11225 | Temple   | Became a worshipper of Warmaster Okawaru
 11305 | Lair:1   | Entered Level 1 of the Lair of Beasts
 11325 | Lair:1   | Found a frozen archway.
 11335 | IceCv    | Entered an ice cave
 11742 | Lair:1   | Reached * piety under Okawaru
 12163 | Lair:1   | Gained mutation: Your flesh is very heat resistant. (rF++)
                  | [potion of mutation]
 12163 | Lair:1   | Gained mutation: Your system is resistant to poisons.
                  | (rPois) [potion of mutation]
 12163 | Lair:1   | Gained mutation: Your spells are a little easier to cast,
                  | but a little less powerful. [potion of mutation]
 12163 | Lair:1   | Gained mutation: You have sharp toenails. [potion of
                  | mutation]
 12802 | Lair:2   | Reached ** piety under Okawaru
 12822 | Lair:2   | Reached skill level 14 in Shields
 13283 | Lair:2   | Noticed a six-headed hydra
 13286 | Lair:2   | Gained mutation: You have a pair of antennae on your head.
                  | [demonic ancestry]
 13286 | Lair:2   | Reached XP level 12. HP: 78/81 MP: 15/17
 13289 | Lair:2   | a six-headed hydra changed into something unseen
 13414 | Lair:2   | Reached *** piety under Okawaru
 13920 | Lair:2   | Killed a ghost moth
 13920 | Lair:2   | Reached skill level 1 in Invocations
 14128 | Lair:3   | Got a heavily runed ring mail
 14131 | Lair:3   | Identified the cursed +0 ring mail of Ziqys {Int-5 Dex+3
                  | SInv} (You found it on level 3 of the Lair of Beasts)
 14432 | Lair:3   | Found a staircase to the Snake Pit.
 14455 | Lair:3   | Reached **** piety under Okawaru
 15954 | Lair:3   | Reached skill level 5 in Invocations
 16060 | Lair:3   | Found a staircase to the Swamp.
 16468 | D:11     | Noticed a two-headed ogre
 16494 | D:10     | Killed a two-headed ogre
 16494 | D:10     | Reached ***** piety under Okawaru
 16642 | D:11     | Found a staircase to the Orcish Mines.
 16653 | D:11     | Reached skill level 10 in Axes
 16745 | Orc:1    | Entered Level 1 of the Orcish Mines
 17175 | Orc:2    | Entered Level 2 of the Orcish Mines
 17175 | Orc:2    | Noticed an ogre mage
 17175 | Orc:2    | Noticed a two-headed ogre
 17175 | Orc:2    | Noticed a two-headed ogre
 17175 | Orc:2    | Noticed a two-headed ogre
 17175 | Orc:2    | Noticed a two-headed ogre
 17175 | Orc:2    | Noticed a two-headed ogre
 17176 | Orc:2    | Noticed a two-headed ogre
 17189 | Orc:1    | Killed a two-headed ogre
 17203 | Orc:1    | Killed a two-headed ogre
 17223 | D:11     | Killed a two-headed ogre
 17345 | D:11     | Reached XP level 13. HP: 21/86 MP: 8/18
 18048 | Orc:1    | Received a gift from Okawaru
 18662 | Orc:1    | Reached skill level 15 in Shields
 18681 | Orc:2    | Found a staircase to the Elven Halls.
 18688 | Orc:2    | Found a roughly hewn altar of Beogh.
 20600 | Orc:2    | Noticed an ettin
 20625 | Orc:2    | Found Luteope's Armour Boutique.
 20625 | Orc:2    | Found Darid's Assorted Antiques.
 20627 | Orc:2    | Found Gaenn's Weapon Emporium.
 20629 | Orc:2    | Found Vihonyum's Jewellery Shop.
 20653 | Orc:2    | Killed an ettin
 21409 | Orc:2    | Bought the +10 plate armour of Piruysy {rF- rN+++ rCorr
                  | Int-4} for 1276 gold pieces
 21455 | Elf:1    | Entered Level 1 of the Elven Halls
 21459 | Elf:1    | Noticed Frances
 21816 | Snake:1  | Entered Level 1 of the Snake Pit
 22195 | Lair:3   | Upgraded the game from 0.24-a0-439-g6dd8730de2 to
                  | 0.24-a0-441-g27f0392e16
 22324 | Snake:1  | Reached skill level 5 in Armour
 22982 | Snake:2  | Found a transporter.
 22987 | Snake:2  | Found a bloodstained altar of Trog.
 22987 | Snake:2  | Noticed PeterQ's ghost (adept HuAs)
 22992 | Snake:2  | Found a transporter.
 23684 | Snake:1  | Reached XP level 14. HP: 75/93 MP: 16/20
 24186 | Snake:2  | Received a gift from Okawaru
 25189 | Snake:2  | Received a gift from Okawaru
 25192 | Snake:2  | Got a thick robe {god gift}
 25194 | Snake:2  | Identified the +1 robe "Gilef" {rF- rCorr Int+7 Stlth+}
                  | (Okawaru gifted it to you on level 2 of the Snake Pit)
 26532 | Snake:2  | Identified the +11 great sword of Doly Yga {vamp, rElec rN+
                  | Str-5 Dex+2}
 26698 | Snake:3  | Noticed Louise
 27002 | Snake:3  | Noticed Louise
 27002 | Snake:3  | Louise changed into Louise the alligator
 27007 | Snake:3  | Noticed a nagaraja
 27024 | Snake:2  | Killed Louise the alligator
 27129 | Snake:3  | Noticed Aizul
 27462 | Snake:2  | Killed Aizul
 28358 | Lair:4   | Noticed Sonja
 28359 | Lair:4   | Noticed Sonja
 28359 | Lair:4   | Sonja changed into Sonja the yak
 28371 | Lair:4   | Killed Sonja the yak
 28614 | Orc:2    | Bought a transparent large shield for 304 gold pieces
 28614 | Orc:2    | Identified the +1 large shield of Xirud {rElec rPois MP-9
                  | Dex+3} (You bought it in a shop on level 2 of the Orcish
                  | Mines)
 29104 | Lair:4   | Reached skill level 5 in Fighting
 29769 | Lair:5   | Reached skill level 10 in Armour
 29923 | Lair:5   | Got an iridescent dagger
 29924 | Lair:5   | Identified the +8 dagger "Cexteff" {pierce, +Blink +Fly rC-
                  | Str-2} (You found it on level 5 of the Lair of Beasts)
 30591 | Lair:5   | Found a staircase to the Slime Pits.
 30691 | Lair:5   | Found a viscous altar of Jiyva.
 30812 | Lair:5   | Learned a level 1 spell: Animate Skeleton
 31105 | Lair:6   | Entered Level 6 of the Lair of Beasts
 31140 | Lair:5   | Reached XP level 15. HP: 101/105 MP: 21/21
 33229 | Swamp:1  | Entered Level 1 of the Swamp
 33304 | Slime:1  | Entered Level 1 of the Pits of Slime
 33882 | Swamp:1  | Received a gift from Okawaru
 33885 | Swamp:1  | Got a spiked ring mail {god gift}
 33909 | Swamp:1  | Identified the +1 ring mail of Yhaesh {Str+2} (Okawaru
                  | gifted it to you on level 1 of the Swamp)
 34220 | Swamp:1  | Noticed a thorn hunter
 34245 | Swamp:1  | Killed a thorn hunter
 34951 | Swamp:2  | Noticed a thorn hunter
 34970 | Swamp:2  | Killed a thorn hunter
 35593 | Swamp:4  | Entered Level 4 of the Swamp
 35612 | Swamp:4  | Noticed a thorn hunter
 35735 | Swamp:3  | Killed a thorn hunter
 36082 | Swamp:1  | Received a gift from Okawaru
 36702 | D:12     | Found Laraasuv's Book Shop.
 37506 | D:13     | Gained mutation: You have a pair of large antennae on your
                  | head. (SInv) [demonic ancestry]
 37506 | D:13     | Reached XP level 16. HP: 120/120 MP: 22/22
 37536 | D:13     | Identified the +7 falchion of Mandamus {holy, Str+4 Int+4
                  | Dex-4}
 37571 | D:13     | Reached ****** piety under Okawaru
 38111 | D:13     | Paralysed by an orc warrior for 4 turns
 38371 | D:13     | Identified Spellcraft, Part Four
 38685 | D:13     | Reached skill level 10 in Fighting
 39085 | D:14     | Received a gift from Okawaru
 39091 | D:14     | Found a gate to the Vaults.
 39317 | D:14     | Found a runed translucent gate.
 39317 | D:14     | Found a runed translucent gate.
 39317 | D:14     | Found a runed translucent gate.
 39318 | D:14     | Noticed Nattfarinn's ghost (journeyman GrEE)
 39319 | D:14     | Found the ring of Shadows {Umbra +Inv Stlth+}
 39335 | D:14     | Killed Nattfarinn's ghost
 40375 | Swamp:2  | Noticed Donald
 40402 | Swamp:2  | Killed Donald
 40723 | Swamp:3  | Received a gift from Okawaru
 40802 | Swamp:3  | Got a translucent leather armour
 40803 | Swamp:3  | Identified the cursed +0 leather armour of Maerycs {Int+2}
                  | (You found it on level 3 of the Swamp)
 41404 | Swamp:3  | Noticed a thorn hunter
 41421 | Swamp:3  | Killed a thorn hunter
 42112 | Swamp:4  | Noticed Mara
 42129 | Swamp:4  | Noticed jeroenos's illusion
 42345 | Swamp:4  | Noticed jeroenos's illusion
 42376 | Swamp:4  | HP: 6/129 [alligator (8)]
 43708 | Swamp:4  | Gained mutation: When seriously injured, your bleeding
                  | wounds create very thick armour. (AC +12) [demonic
                  | ancestry]
 43708 | Swamp:4  | Reached XP level 17. HP: 106/136 MP: 18/23
 44214 | Swamp:4  | Got a decaying rune of Zot
 44287 | Swamp:4  | Noticed jeroenos's illusion
 44609 | Snake:4  | Entered Level 4 of the Snake Pit
 44929 | Snake:4  | Received a gift from Okawaru
 46826 | Snake:4  | Reached skill level 15 in Fighting
 47150 | Snake:4  | Identified a +1 pair of boots of running (Okawaru gifted it
                  | to you on level 4 of the Snake Pit)
 47881 | Snake:4  | Received a gift from Okawaru
 49308 | Snake:4  | Reached skill level 16 in Shields
 50310 | Snake:4  | Got a serpentine rune of Zot
 50547 | Snake:3  | Gained mutation: When low on magic, you restore magic in
                  | place of health. [demonic ancestry]
 50547 | Snake:3  | Reached XP level 18. HP: 139/149 MP: 13/24
 51126 | Snake:3  | Noticed Roxanne
 51152 | Snake:3  | Killed Roxanne
 51373 | Snake:3  | Lost mutation: Your spells are a little easier to cast, but
                  | a little less powerful. [potion of mutation]
 51373 | Snake:3  | Lost mutation: Your system is resistant to poisons. (rPois)
                  | [potion of mutation]
 51373 | Snake:3  | Lost mutation: Your flesh is very heat resistant. (rF++)
                  | [potion of mutation]
 51373 | Snake:3  | Lost mutation: You have sharp toenails. [potion of
                  | mutation]
 51373 | Snake:3  | Gained mutation: You are clumsy. (Dex -2) [potion of
                  | mutation]
 51373 | Snake:3  | Gained mutation: You expend magic power (3 MP) to
                  | strengthen your wands. [potion of mutation]
 51373 | Snake:3  | Gained mutation: Your spells are a little easier to cast,
                  | but a little less powerful. [potion of mutation]
 51373 | Snake:3  | Gained mutation: You have sharp toenails. [potion of
                  | mutation]
 51621 | D:15     | Entered Level 15 of the Dungeon
 51669 | D:15     | Received a gift from Okawaru
 51896 | D:15     | Found a staircase to the Depths.
 51971 | D:15     | Found Kenoqy's Food Emporium.
 52064 | D:15     | Reached skill level 17 in Shields
 52501 | Depths:1 | Entered Level 1 of the Depths
 52606 | Depths:1 | Noticed a lich
 52642 | Depths:1 | Killed a lich
 53328 | Depths:1 | Reached skill level 18 in Shields
 53360 | Depths:1 | Found a one-way gate to the infinite horrors of the Abyss.
 53383 | Depths:1 | Paralysed by a great orb of eyes for 7 turns
 54259 | Elf:1    | Killed Frances
 54429 | Elf:1    | Found Waevvo's Distillery.
 54701 | Elf:1    | Bought a potion of curing for 42 gold pieces
 54785 | Elf:1    | Reached skill level 10 in Invocations
 56261 | Elf:1    | Identified the Tome of Creative Confrontation
 56652 | Elf:2    | Got an encrusted hand axe
 56653 | Elf:2    | Identified the +1 hand axe of Zotwosch {chop, rF- MR+ Int+4
                  | Dex+3} (You found it on level 2 of the Elven Halls)
 57053 | Elf:2    | Reached XP level 19. HP: 122/155 MP: 28/28
 57161 | Elf:2    | Found a runed translucent gate.
 57161 | Elf:2    | Found a runed translucent gate.
 57162 | Elf:2    | Found a runed translucent gate.
 57202 | Elf:2    | Received a gift from Okawaru
 58256 | Elf:3    | Entered Level 3 of the Elven Halls
 58729 | Elf:3    | Killed from afar by a deep elf annihilator

Levels and vault maps discovered:
D:1:      minmay_arrival_hallway, layout_loops_ring
D:2:      layout_basic, first_ration
D:3:      layout_loops_cross, lemuel_coloured_pillars_altar,
          gammafunk_ghost_split
D:4:      layout_basic, grunt_temple_overflow_open, item_on_display_a
D:5:      layout_basic
D:6:      lemuel_castle_with_subvaults [lemuel_castle_interior_carwin_1],
          layout_basic, minmay_shop_damaged, serial_bayou_ford_a,
          grunt_qazlal_sundering, uniq_menkaure
D:7:      layout_basic, temple_fountains, serial_shops, shop, uniq_duvessa,
          uniq_harold
D:8:      layout_cave_pools, dpeg_oklobed_lair, uniq_grum, uniq_prince_ribbit1,
          uniq_joseph
D:9:      layout_loops_ring, lemuel_doored_altar, lemuel_crystal_altar,
          serial_shops, shop, shop_fountains, shop, shop, kennysheep_mini,
          hangedman_decor_peaks_small
D:10:     layout_roguey
D:11:     layout_big_octagon, david_orc_2, serial_glass, glass_columns_a,
          glass_columns_b
D:12:     layout_long_grid, serial_shops, shop, hangedman_ranch
          [blue_anna_fruit_fields], eino_curves_03
D:13:     minmay_the_grid_3x3 [minmay_the_grid_x, minmay_the_grid_large_cup,
          minmay_the_grid_tree, minmay_the_grid_diamond_grid,
          minmay_the_grid_zigzags, minmay_the_grid_fan,
          minmay_the_grid_tri_star, minmay_the_grid_odd_star,
          minmay_the_grid_prize_trominoes], layout_basic, chequers_garden
D:14:     layout_gridville, david_vaults_5, fountainhead,
          ebering_ghost_rock_garden
D:15:     grunt_enter_depths_hoard, layout_basic, chequers_avenue, serial_shops,
          shop
Temple:   regret_index_temple_generic_petals
Lair:1:   layout_chaotic_city, portal_ice_cave_entry_pillars_1
Lair:2:   layout_loops_ring, beast_lair_carwin_5
Lair:3:   layout_regular_city, swamp_mist, minmay_snake_entry_six_corridors
Lair:4:   layout_long_grid, uniq_sonja
Lair:5:   layout_roguey, slime_altar_1
Lair:6:   due_jungle_book, layout_cave_shapes
Swamp:1:  layout_basic_swamp, hangedman_swamp_ruin_wall
Swamp:2:  layout_falls_marsh, evilmike_swamp_ruin_house_1, uniq_donald
Swamp:3:  layout_basic_swamp, evilmike_swamp_ruin_house_3
Swamp:4:  swamp_icy, layout_basic_swamp, swamp_pool3,
          nicolae_swamp_trees_clearing, infiniplex_staircase_pool, uniq_mara
Snake:1:  layout_rooms
Snake:2:  layout_misc_corridors, gammafunk_ghost_wrathful_warriors,
          nicolae_coiled_stairwell_down
Snake:3:  layout_gridlike, serial_bayou_shore_a, uniq_louise, uniq_roxanne,
          uniq_aizul
Snake:4:  grunt_snake_rune_spirals, layout_concentric_octagons,
          nicolae_large_snake_swirl, uniq_asterion
Slime:1:  cheibrodos_slime_lost_civilization_2, layout_caves
Orc:1:    layout_caves, nicolae_orc_bridge_out
Orc:2:    st_orc_rangers, layout_caves, basic_altar
Elf:1:    minmay_elf_arrival_summoners, layout_rooms, serial_shops,
          nicolae_shop_crystal, minmay_elf_sorcery, uniq_frances
Elf:2:    layout_geoelf_grid
Elf:3:    elf_hall, layout_geoelf_grid, serial_glass, glass_columns_a,
          glass_columns_b
Depths:1: layout_forbidden_donut, ashenzari_altar_1, abyss_entry, hell_entry,
          rand_demon_pan_entry_3, hex_large, dk_noncrumbling_3,
          kennysheep_generic_room_9, minmay_shop_grove

Skill      XL: |  1  2  3  4  5  6  7  8  9 10 11 12 13 14 15 16 17 18 19 |
---------------+----------------------------------------------------------+-----
Armour         | 3 4 6 10 13 14 | 14.7
Shields        | 3 4 5 6 7 9 11 12 14 15 16 18 | 18.2
Axes           | 2 3 4 5 6 7 10 12 13 | 13.7
Evocations     | 3 6 7 |  7.1
Invocations    | 6 9 12 14 | 14.2
Fighting       | 6 9 13 15 | 15.3

Action                   |  1- 3 |  4- 6 |  7- 9 | 10-12 | 13-15 | 16-18 | 19-21 || total
-------------------------+-------+-------+-------+-------+-------+-------+-------++-------
Melee: War axe           |   128 |   198 |   590 |  1397 |  2571 |  2510 |   263 ||  7657
       Falchion          |       |       |       |       |     3 |     8 |       ||    11
Throw: Dart              |       |       |       |     2 |     8 |       |       ||    10
       Javelin           |       |       |       |       |     2 |       |       ||     2
Invok: Finesse           |       |       |       |     3 |    10 |    14 |     1 ||    28
       Heroism           |       |       |       |     3 |     9 |    19 |     1 ||    32
 Abil: Evoke Flight      |       |       |       |       |     2 |     1 |       ||     3
       Evoke Invisibilit |       |       |       |       |       |     7 |       ||     7
Evoke: Wand              |       |       |    10 |    74 |    53 |    10 |     5 ||   152
  Use: Scroll            |     2 |     8 |     4 |    19 |    17 |    24 |     1 ||    75
       Potion            |       |       |     4 |    20 |     9 |    12 |       ||    45
 Stab: Confused          |       |       |       |     2 |       |       |       ||     2
       Distracted        |       |       |       |       |     1 |       |       ||     1
       Invisible         |       |       |       |       |       |     6 |       ||     6
  Eat: Chunk             |       |     6 |     9 |    20 |    27 |    18 |     5 ||    85
       Ration            |       |       |     1 |     6 |    13 |    14 |       ||    34
Armor: Scale mail        |    67 |    85 |   238 |   638 |   108 |       |       ||  1136
       Plate armour      |       |       |       |       |  1183 |  1228 |   101 ||  2512
Dodge: Dodged            |    56 |    74 |   169 |   394 |   456 |   377 |    23 ||  1549
Block: Shield            |    73 |   109 |   415 |  1421 |  2502 |  2121 |   174 ||  6815
       Reflection        |       |       |       |    10 |   217 |   199 |    16 ||   442
       Rpst.: Falchion   |       |       |       |       |       |     1 |       ||     1

Table legend:
 A = Non-vault XP
 B = Vault XP
 C = Vault XP percentage of total XP
 D = Non-vault monster count
 E = Vault monster count
 F = Vault count percentage of total count
                 A         B        C        D         E       F
            +---------+---------+-------+---------+---------+-------
      Total |  267325 |  147478 |  35.6 |     917 |     343 |  27.2
            +---------+---------+-------+---------+---------+-------
        D:1 |      49 |       0 |   0.0 |      23 |       0 |   0.0
        D:2 |     160 |       0 |   0.0 |      32 |       0 |   0.0
        D:3 |     115 |       0 |   0.0 |      11 |       0 |   0.0
        D:4 |     415 |       0 |   0.0 |      16 |       0 |   0.0
        D:5 |     787 |       0 |   0.0 |      24 |       0 |   0.0
        D:6 |    1132 |     916 |  44.7 |      29 |      56 |  65.9
        D:7 |     948 |    1226 |  56.4 |      23 |       3 |  11.5
        D:8 |     814 |     865 |  51.5 |      22 |       4 |  15.4
        D:9 |    2137 |       0 |   0.0 |      40 |       0 |   0.0
       D:10 |    4883 |       0 |   0.0 |      33 |       0 |   0.0
       D:11 |    6417 |      21 |   0.3 |      32 |       7 |  17.9
       D:12 |    4207 |    2131 |  33.6 |      32 |       8 |  20.0
       D:13 |   11160 |   12314 |  52.5 |      54 |      28 |  34.1
       D:14 |   11610 |    2412 |  17.2 |      32 |       2 |   5.9
       D:15 |   11867 |    2051 |  14.7 |      24 |       2 |   7.7
     Lair:1 |    4063 |       0 |   0.0 |      17 |       0 |   0.0
     Lair:2 |    4428 |    1001 |  18.4 |      18 |       4 |  18.2
     Lair:3 |    9767 |    1242 |  11.3 |      31 |       9 |  22.5
     Lair:4 |    4061 |     199 |   4.7 |      15 |       1 |   6.2
     Lair:5 |   12645 |       0 |   0.0 |      43 |       0 |   0.0
     Lair:6 |    7004 |    2850 |  28.9 |      19 |       5 |  20.8
    Swamp:1 |   16807 |       0 |   0.0 |      39 |       0 |   0.0
    Swamp:2 |   10260 |    2021 |  16.5 |      26 |       1 |   3.7
    Swamp:3 |   18468 |       0 |   0.0 |      36 |       0 |   0.0
    Swamp:4 |    8957 |    7627 |  46.0 |      18 |      29 |  61.7
    Snake:1 |    8067 |       0 |   0.0 |      17 |       0 |   0.0
    Snake:2 |   13595 |    3094 |  18.5 |      25 |       3 |  10.7
    Snake:3 |   14751 |    1860 |  11.2 |      26 |       1 |   3.7
    Snake:4 |    5954 |   58970 |  90.8 |      10 |      91 |  90.1
      Orc:1 |    8278 |     882 |   9.6 |      45 |       4 |   8.2
      Orc:2 |    1508 |    5314 |  77.9 |      11 |      34 |  75.6
      Elf:1 |   16113 |   12050 |  42.8 |      29 |      17 |  37.0
      Elf:2 |   21651 |   23120 |  51.6 |      35 |      29 |  45.3
      Elf:3 |    4372 |    4233 |  49.2 |       7 |       3 |  30.0
   Depths:1 |   19875 |    1076 |   5.1 |      23 |       1 |   4.2
      IceCv |       0 |       3 | 100.0 |       0 |       1 | 100.0
            +---------+---------+-------+---------+---------+-------
